 Dungeon Crawl Stone Soup version 0.30-a0-824-g6c64550be9 (webtiles) character file.

Game seed: 10570912501977764258

64 qeuew the Trooper (level 3, -1/29 HPs)
             Began as a Demonspawn Monk on Feb 27, 2023.
             Slain by Ijyb
             ... wielding a +0 club
              (3 damage)
             ... on level 3 of the Dungeon.
             The game lasted 00:02:00 (1895 turns).

qeuew the Trooper (Demonspawn Monk)                 Turns: 1895, Time: 00:02:01

Health: -1/29      AC:  5    Str: 13    XL:     3   Next: 91%
Magic:  3/3        EV: 13    Int: 11    God:
Gold:   85         SH:  0    Dex: 15    Spells: 2/2 levels left

rFire   . . .      SeeInvis .    i - +0 dire flail
rCold   . . .      Faith    .    (shield currently unavailable)
rNeg    . . .      Spirit   .    b - +1 robe
rPois   .          Reflect  .    (no helmet)
rElec   .          Harm     .    (no cloak)
rCorr   .          Rampage  .    (no gloves)
Will    .....                    (no boots)
Stlth   ++                       (no amulet)
HPRegen 0.24/turn                (no ring)
MPRegen 0.08/turn                (no ring)

@: no status effects
A: yellow scales 1, spiny 1
a: no special abilities


You were on level 3 of the Dungeon.
You visited 1 branch of the dungeon, and saw 3 of its levels.

You collected 85 gold pieces.

Inventory:

Hand Weapons
 i - a +0 dire flail (weapon)
Armour
 b - a +1 robe (worn)
Potions
 c - a potion of ambrosia
 f - a potion of heal wounds
 g - a potion of curing


   Skills:
 + Level 3.5 Fighting
 + Level 3.2 Maces & Flails
 + Level 1.3 Armour
 + Level 3.1 Dodging
 - Level 1.7 Stealth


You had 2 spell levels left.
You didn't know any spells.
Your spell library contained the following spells:

 Spells                   Type           Power      Damage    Failure   Level
 Sting                    Tmut/Pois      0%         1d3       34%         1
 Poisonous Vapours        Pois/Air       0%         N/A       47%         2
 Olgreb's Toxic Radiance  Pois           0%         N/A       98%         4


Dungeon Overview and Level Annotations

Branches:
Dungeon (3/15)

Altars:

Annotations:
D:3 Ijyb


Innate Abilities, Weirdness & Mutations

You are partially covered in yellow scales. (AC +2)
You are partially covered in sharp spines.


Message History

You hit Ijyb.
Ijyb is lightly wounded.
Ijyb zaps a wand.
The puff of flame hits you. You resist.
You hit Ijyb.
Ijyb is moderately wounded.
Ijyb is struck by your spines. Ijyb barely misses you.
You closely miss Ijyb.
Ijyb is moderately wounded.
You start to feel less resistant.
Ijyb barely misses you. x2
You closely miss Ijyb.
Ijyb is moderately wounded.
Ijyb hits you with a +0 club.
You sock Ijyb!
Ijyb is severely wounded.
Ijyb drinks a potion.
Ijyb is healed!
You barely miss Ijyb.
Ijyb zaps a wand.
The puff of flame hits you. You resist.
You are too injured to fight recklessly!
You are too injured to fight recklessly!
You are too injured to fight recklessly!
You are too injured to fight recklessly!
Ijyb is nearby!
Ijyb is nearby!
Ijyb is nearby!
You closely miss Ijyb.
Your resistance to elements expires.
Ijyb zaps a wand.
The puff of flame hits you.
You miss Ijyb. Ijyb hits you with a +0 club.
You thump Ijyb!
Ijyb is heavily wounded.
Ijyb zaps a wand.
The puff of flame hits you.
* * * LOW HITPOINT WARNING * * *
You barely miss Ijyb.
Ijyb is heavily wounded.
Ijyb zaps a wand.
The puff of flame hits you.
* * * LOW HITPOINT WARNING * * *
You closely miss Ijyb.
Ijyb is heavily wounded.
Ijyb closely misses you. Ijyb hits you with a +0 club.
You die...

#### #..
#.######
#<...|.#
#..@)#.#
##..g......
####..####
..# ...
.... ....
.[..


You could see Ijyb.

Vanquished Creatures
  2 adders (D:2)
  8 ball pythons
  4 endoplasms
  5 goblins (D:1)
  6 hobgoblins
  2 quokkas (D:2)
  6 bats
  2 frilled lizards (D:2)
  5 kobolds
  3 rats
43 creatures vanquished.

Notes
Turn   | Place    | Note
-------+----------+-------------------------------------------
     0 | D:1      | qeuew the Demonspawn Monk began the quest for the Orb.
     0 | D:1      | Reached XP level 1. HP: 18/18 MP: 1/1
   124 | D:1      | Gained mutation: You are partially covered in yellow
                  | scales. (AC +2) [demonic ancestry]
   124 | D:1      | Reached XP level 2. HP: 20/24 MP: 2/2
   477 | D:1      | Reached skill level 1 in Armour
   895 | D:2      | Gained mutation: You are partially covered in sharp spines.
                  | [demonic ancestry]
   895 | D:2      | Reached XP level 3. HP: 24/29 MP: 3/3
  1877 | D:3      | Noticed Ijyb
  1894 | D:3      | HP: 1/29 [Ijyb/puff of flame (4)]
  1895 | D:3      | Slain by Ijyb

Illustrated notes

Levels and vault maps discovered:
D:1:      sevenhm_arrival_forest_fort_small_3, layout_loops_ring
D:2:      layout_basic, minmay_misc_feat_ornament, minmay_tromino_v7
D:3:      layout_basic, nicolae_concentric_dashed_squares_wild, uniq_sigmund,
          uniq_ijyb

Skill      XL: |  1  2 |
---------------+-------+-----
Maces & Flails | 3 |  3.2
Armour         | 1 |  1.3
Dodging        | 3 |  3.1
Fighting       | |  3.5
Stealth        | |  1.7

Action                     || total
---------------------------++-------
  Melee: Mace              ||    94
         Dire flail        ||    20
         Punch             ||     1
    Use: Scroll            ||     5
         Potion            ||     5
   Stab: Sleeping          ||     9
 Armour: Robe              ||    34
  Dodge: Dodged            ||    88

Table legend: (Time is in decaauts)
 A = Elapsed time spent in this place.
 B = Non-inter-level travel time spent in this place.
 C = Inter-level travel time spent in this place.
 D = Time resting spent in this place.
 E = Time spent auto-exploring this place.
 F = Levels seen in this place.
 G = Mean time per level.
                   A        B        C        D        E       F      G
               +--------+--------+--------+--------+--------+-----+--------+
         Total |   1920 |   1838 |     82 |     42 |   1454 |   3 |  640.0 |
       Dungeon |   1920 |   1838 |     82 |     42 |   1454 |   3 |  640.0 |
               +--------+--------+--------+--------+--------+-----+--------+

Top non-repeatable levels by time:
     D:2: 1047 daAuts
     D:1: 852 daAuts
     D:3: 19 daAuts
